 Dungeon Crawl Stone Soup version 0.20-a0-1078-g4874019 (webtiles) character file.

1011 nikopol the Skirmisher (level 8, -1/51 HPs)
             Began as a Gargoyle Berserker on Apr 30, 2017.
             Was a Priest of Trog.
             Slain by an orc warrior
             ... wielding a +0 trident
              (6 damage)
             ... on level 6 of the Dungeon.
             The game lasted 00:11:22 (4628 turns).

nikopol the Skirmisher (Gargoyle Berserker)         Turns: 4628, Time: 00:11:23

Health: -1/51      AC: 16    Str: 23    XL:     8   Next: 21%
Magic:  8/8        EV:  9    Int:  8    God:    Trog [***...]
Gold:   259        SH:  0    Dex: 11    Spells: 7/7 levels left

rFire    . . .     SeeInvis .   a - +0 flail
rCold    . . .     Gourm    .   (no shield)
rNeg     + . .     Faith    .   l - +0 chain mail
rPois    ∞         Spirit   .   u - +0 helmet
rElec    +         Reflect  .   (no cloak)
rCorr    .         Harm     .   (no gloves)
MR       .....                  (no boots)
Stlth    ..........             (no amulet)
Regen    0.2/turn               v - +2 ring of strength
MPRegen  0.2/turn               (no ring)

@: starving, slowed, very slow
A: negative energy resistance 1, electricity resistance, unbreathing,
petrification resistance, rot immunity, AC +5
a: Berserk, Trog's Hand, Burn Spellbooks, Renounce Religion


You were on level 6 of the Dungeon.
You worshipped Trog.
Trog was most pleased with you.
You were starving.

You visited 1 branch of the dungeon, and saw 6 of its levels.

You collected 259 gold pieces.

Inventory:

Hand Weapons
 a - a +0 flail (weapon)
 k - a +0 mace
 z - a +0 shortbow
Missiles
 i - 52 arrows
Armour
 b - a +0 animal skin
 l - a +0 chain mail (worn)
 u - a +0 helmet (worn)
Jewellery
 v - a +2 ring of strength (left hand)
Scrolls
 e - 2 scrolls of remove curse {unknown}
 f - 7 scrolls of identify {unknown}
 n - a scroll of immolation {unknown}
 o - 2 scrolls of fear {unknown}
 p - a scroll of noise {unknown}
 q - a scroll of enchant armour {unknown}
 r - a scroll of enchant weapon {unknown}
 w - a scroll of teleportation {unknown}
 y - a scroll of magic mapping {unknown}
Potions
 d - a potion of brilliance {unknown}
 g - a potion of lignification {unknown}
 j - a potion of flight {unknown}
 s - 2 potions of degeneration {unknown}
 t - a potion of resistance {unknown}
 x - a potion of heal wounds {unknown}
Books
 B - a book of Air

   Spells                             Type                      Level
   a - Shock                          Conjuration/Air              1
   b - Swiftness                      Charms/Air                   2
   c - Static Discharge               Conjuration/Air              3
   d - Airstrike                      Air                          4
   e - Lightning Bolt                 Conjuration/Air              5
   Trog disapproves of the use of such an item.
Comestibles
 c - 4 bread rations
 h - 2 royal jellies
 m - a meat ration


   Skills:
 + Level 5.8 Fighting
 * Level 5.5 Maces & Flails
 * Level 2.4 Bows
 + Level 5.1 Armour
 + Level 3.8 Dodging


You had 7 spell levels left.
You didn't know any spells.

Dungeon Overview and Level Annotations

Branches:
Dungeon (6/15)
 Temple: D:4-7

Altars:
Makhleb
Qazlal
Trog
Vehumet
Wu Jian
Xom
The Shining One


Innate Abilities, Weirdness & Mutations

You are resistant to torment.
Your stone body is resilient. (AC +5)
You are immune to poison.
You resist negative energy. (rN+)
You are resistant to electric shocks. (rElec)
You can survive without breathing.
You are immune to petrification.
You are immune to rotting.


Message History

You thump the orc warrior!
The orc warrior is almost dead.
The orc warrior hits you with a trident!
* * * LOW HITPOINT WARNING * * *
You hit the orc warrior but do no damage.
The orc warrior is almost dead.
The orc warrior hits you but does no damage.
You closely miss the orc warrior.
The orc warrior is almost dead.
You are no longer berserk.
You are exhausted.
You feel yourself slow down. The orc warrior closely misses you.
You hit the orc warrior but do no damage.
The orc warrior is almost dead.
The orc warrior closely misses you.
You hit the orc warrior but do no damage.
The orc warrior is almost dead.
The orc warrior barely misses you.
The orc warrior hits you with a trident.
You die...

........#........#.###
........#....#...#.#
#####.#.#....#...#.#
#.#.#<...#.#.#.#
#.#.#.#..#. #.#
.........# #.#
....#.#..# #.#
%......##.#####.#
#.###((..oooo@..# .
#.(.(.####### #(#####
§. (


You could see an orc warrior and 3 orcs.

Vanquished Creatures
  2 sky beasts
  2 ogres
  A centaur (D:5)
  A scorpion (D:5)
  2 crimson imps
  A hound (D:6)
  A jelly (D:5)
  A bullfrog skeleton (D:3)
  An iguana (D:4)
  Terence (D:2)
  5 worker ants
  8 adders
  A shadow imp (D:5)
  An ooze (D:2)
  An adder skeleton (D:5)
  2 worms (D:3)
  3 dart slugs
  8 leopard geckos
  12 orcs
  5 bats
  3 giant cockroaches
  9 goblins
  14 hobgoblins
  4 jackals (D:5)
  A quokka (D:3)
  A ball python (D:4)
  10 frilled lizards
  6 kobolds
  A quokka zombie (D:6)
  4 rats
112 creatures vanquished.

Notes
Turn   | Place    | Note
-------+----------+-------------------------------------------
     0 | D:1      | nikopol the Gargoyle Berserker began the quest for the Orb.
     0 | D:1      | Reached XP level 1. HP: 14/14 MP: 1/1
   153 | D:1      | Reached XP level 2. HP: 16/19 MP: 2/2
   790 | D:1      | Reached XP level 3. HP: 20/23 MP: 3/3
   883 | D:2      | Noticed Terence
   892 | D:2      | Killed Terence
   892 | D:2      | Reached XP level 4. HP: 29/29 MP: 4/4
   995 | D:2      | Reached ** piety under Trog
  1288 | D:2      | Found a shimmering altar of Xom.
  1321 | D:2      | Reached XP level 5. HP: 30/33 MP: 5/5
  1343 | D:2      | Found a bloodstained altar of Trog.
  2026 | D:3      | Found a faded altar of an unknown god.
  2281 | D:4      | Reached XP level 6. HP: 39/39 MP: 6/6
  2314 | D:4      | Reached *** piety under Trog
  2487 | D:4      | Noticed a sky beast
  2500 | D:4      | Killed a sky beast
  2500 | D:4      | Reached skill level 5 in Fighting
  2622 | D:4      | Found a glowing golden altar of the Shining One.
  3034 | D:4      | Reached XP level 7. HP: 14/44 MP: 7/7
  3249 | D:4      | Found an ornate altar of the Wu Jian Council.
  3266 | D:5      | Entered Level 5 of the Dungeon
  3777 | D:5      | Reached skill level 1 in Bows
  4068 | D:5      | Reached skill level 5 in Maces & Flails
  4302 | D:5      | Found a radiant altar of Vehumet.
  4303 | D:5      | Found a burning altar of Makhleb.
  4372 | D:5      | Reached skill level 5 in Armour
  4372 | D:5      | Reached XP level 8. HP: 51/51 MP: 8/8
  4517 | D:6      | Found a stormy altar of Qazlal.
  4628 | D:6      | Slain by an orc warrior

Vault maps used:
D:1:      dpeg_arrival_shrine
D:2:      lemuel_doored_altar, first_bread, trog_hazing_becter, uniq_terence
D:3:      chequers_ecumenical_altar_simple_redux
D:4:      kennysheep_mini, nicolae_tso_carved_into_rock,
          minmay_misc_feat_pillars, minmay_lizard_king
D:5:      grunt_temple_overflow_lords_of_destruction
D:6:      yredelemnul_altar_generic, grunt_ministairs_4, st_stairs_3,
          nicolae_qazlal_eye_of_the_storm, uniq_sigmund

Skill      XL: |  1  2  3  4  5  6  7  8 |
---------------+-------------------------+-----
Dodging        | 2 3 |  3.8
Armour         | 3 4 5 |  5.1
Fighting       | 4 5 |  5.8
Maces & Flails | 4 5 |  5.5
Bows           | 1 2 |  2.4

Action                   |  1- 3 |  4- 6 |  7- 9 || total
-------------------------+-------+-------+-------++-------
Melee: Mace              |    52 |     1 |       ||    53
       Flail             |       |   276 |   134 ||   410
 Fire: Shortbow          |       |       |    45 ||    45
Invok: Berserk           |     1 |       |     2 ||     3
  Eat: Chunk             |       |     8 |     4 ||    12
       Fruit             |       |       |     1 ||     1
Armor: Animal skin       |    17 |     2 |       ||    19
       Chain mail        |       |   211 |   100 ||   311
Dodge: Dodged            |    47 |   142 |    71 ||   260
